 Dungeon Crawl Stone Soup version 0.32-a0-599-gba8f9cf90e (webtiles) character file.

Game seed: 772193705201657146

118 cforsyth the Grave Robber (level 4, -1/57 HPs)
             Began as a Mountain Dwarf Necromancer on Mar 2, 2024.
             Slain by an ufetubus (3 damage)
             ... on level 3 of the Dungeon.
             The game lasted 00:02:23 (1780 turns).

cforsyth the Grave Robber (MDNe)                    Turns: 1780, Time: 00:02:24

Health: -1/57      AC:  6    Str: 10    XL:     4   Next: 72%
Magic:  11/15      EV: 10    Int: 18    God:
Gold:   42         SH:  0    Dex: 10    Spells: 5/6 levels left

rFire   . . .        a - +0 hand axe
rCold   . . .        (no shield)
rNeg    . . .        k - +0 ring mail
rPois   .            i - +0 helmet
rElec   .            (no cloak)
rCorr   .            (no gloves)
SInv    .            (no boots)
Will    .....        (no amulet) Stlth
                     M - ring of magical power
HPRegen 0.29/turn    (no ring)
MPRegen 0.14/turn

%: no passive effects
@: berserking, very quick
A: runic magic, artefact enchanting
a: no special abilities


You were on level 3 of the Dungeon.
You visited 1 branch of the dungeon, and saw 3 of its levels.

You collected 70 gold pieces.
You spent 28 gold pieces at shops.


Innate Abilities, Weirdness & Mutations

Your spellcasting is much less encumbered by armour.
You can use scrolls of enchantment on lesser artefacts.


   Skills:
 + Level 3.3 Fighting
 - Level 1.3 Dodging
 - Level 1.4 Stealth
 - Level 1.7 Spellcasting
 + Level 5.7 Necromancy


You had 5 spell levels left.
You knew the following spells:

 Your Spells              Type           Power      Damage    Failure   Level
X - Necrotise             Necr           88%        1d8       2%          1

Your spell library contained the following spells:

 Spells                   Type           Power      Damage    Failure   Level
 Vampiric Draining        Necr           22%        2d7       7%          3
 Animate Dead             Necr           22%        N/A       22%         4
 Curse of Agony           Necr           22%        N/A       52%         5
 Tukima's Dance           Hex            1%         N/A       56%         3
 Passage of Golubria      Tloc           1%         N/A       93%         4
 Yara's Violent Unravell  Hex/Alch       0%         3d3       100%        5

Inventory:

Hand Weapons
 a - a +0 hand axe (weapon)
Armour
 i - a +0 helmet (worn)
 k - a +0 ring mail (worn)
Jewellery
 M - a ring of magical power (left hand)
Scrolls
 c - a scroll of vulnerability {unknown}
 d - a scroll of fear {unknown}
 e - 3 scrolls of identify {@r1}
 f - a scroll of brand weapon {unknown}
 j - a scroll of revelation {unknown}
Potions
 b - a potion of magic
 g - a potion of might {unknown}
 h - a potion of invisibility {unknown}
 l - a potion of berserk rage {!q}

Dungeon Overview and Level Annotations

Branches:
Dungeon (3/15)

Altars:
Zin

Shops:
D:1 = D:2

* #.# #.#####
#.....# #>###.#
#.# #.# #.# #.#
#.# #.# #
#.###.#####.###.
#....@5.........
#####...........
######......
..... .... ...
.# .


You could see an ufetubus.


Message History

Press: ? - help, Shift-Dir - straight line, f - you
Okay, then.
Unknown command.
You aren't carrying any items that you can evoke.
Unknown command.
It was a potion of berserk rage.
A red film seems to cover your vision as you go berserk!
You feel yourself moving faster!
You feel mighty!
Unknown command.
You barely miss the ufetubus. The ufetubus slips past you!
The ufetubus barely misses you.
The ufetubus hits you but does no damage.
You barely miss the ufetubus. The ufetubus closely misses you. x2
The ufetubus barely misses you. The ufetubus closely misses you.
You hit the ufetubus.
The ufetubus is heavily wounded.
The ufetubus misses you.
The ufetubus hits you but does no damage.
You miss the ufetubus.
The ufetubus is heavily wounded.
The ufetubus hits you but does no damage. x2
You barely miss the ufetubus.
The ufetubus is heavily wounded.
The ufetubus hits you.
* * * LOW HITPOINT WARNING * * *
The ufetubus barely misses you.
You barely miss the ufetubus.
The ufetubus is heavily wounded.
The ufetubus hits you.
You die...

Skill      XL: |  1  2  3  4 |
---------------+-------------+-----
Fighting       | 1 2 3 |  3.3
Necromancy     | 5 |  5.7
Dodging        | |  1.3
Stealth        | |  1.4
Spellcasting   | |  1.7

Action                     |  1- 3 |  4- 6 || total
---------------------------+-------+-------++-------
  Melee: Unarmed           |    27 |       ||    27
         Punch             |     1 |       ||     1
         Hand axe          |       |    11 ||    11
   Cast: Necrotise         |    49 |    28 ||    77
    Use: Potion            |       |     1 ||     1
 Armour: Robe              |    16 |       ||    16
         Ring mail         |       |    43 ||    43
  Dodge: Dodged            |    21 |    36 ||    57

Levels and vault maps discovered:
D:1:      dpeg_arrival_round_b, layout_basic, serial_shops,
          nicolae_shop_hallway_stairs, wander_ebering_terrifying_dragon_lair
D:2:      layout_rooms, serial_shops, shop, basic_altar,
          minmay_misc_feat_enclosed
D:3:      layout_loops_ring, uniq_terence, uniq_crazy_yiuf_cottage

Notes
Turn   | Place    | Note
-------+----------+-------------------------------------------
     0 | D:1      | cforsyth the Mountain Dwarf Necromancer began the quest for
                  | the Orb.
     0 | D:1      | Reached XP level 1. HP: 14/14 MP: 3/3
   114 | D:1      | Reached skill level 1 in Fighting
   166 | D:1      | Reached XP level 2. HP: 23/23 MP: 0/4
   260 | D:1      | Found Vazay's Jewellery Shop.
   838 | D:1      | Reached skill level 5 in Necromancy
   839 | D:1      | Reached skill level 2 in Fighting
   839 | D:1      | Reached XP level 3. HP: 29/29 MP: 5/5
  1186 | D:2      | Reached XP level 4. HP: 37/37 MP: 6/6
  1207 | D:2      | Found Plog's General Store.
  1211 | D:2      | Bought a scroll of identify for 28 gold pieces
  1378 | D:2      | Found a glowing silver altar of Zin.
  1416 | D:2      | Reached skill level 3 in Fighting
  1770 | D:3      | HP: 3/38 [adder (3)]
  1771 | D:3      | HP: 1/38 [ufetubus (2)]
  1779 | D:3      | HP: 2/57 [ufetubus (2)]
  1780 | D:3      | Slain by an ufetubus

Vanquished Creatures
  A bombardier beetle (D:2)
  4 adders
  An ufetubus (D:3)
  A ribbon worm (D:2)
  2 ball pythons
  4 bats
  An endoplasm (D:2)
  4 giant cockroaches
  4 goblins (D:1)
  3 hobgoblins
  5 jackals (D:1)
  2 kobolds (D:1)
  A quokka (D:1)
  2 frilled lizards (D:1)
  3 rats
38 creatures vanquished.

Vanquished Creatures (collateral kills)
  An endoplasm (D:3)
  2 jackals (D:1)
3 creatures vanquished.

Grand Total: 41 creatures vanquished

Table legend: (Time is in decaauts)
 A = Elapsed time spent in this place.
 B = Non-inter-level travel time spent in this place.
 C = Inter-level travel time spent in this place.
 D = Time resting spent in this place.
 E = Time spent auto-exploring this place.
 F = Levels seen in this place.
 G = Mean time per level.
                   A        B        C        D        E       F      G
               +--------+--------+--------+--------+--------+-----+--------+
         Total |   1779 |   1732 |     47 |      0 |   1484 |   3 |  593.0 |
       Dungeon |   1779 |   1732 |     47 |      0 |   1484 |   3 |  593.0 |
               +--------+--------+--------+--------+--------+-----+--------+

Top non-repeatable levels by time:
     D:1: 1016 daAuts
     D:2: 646 daAuts
     D:3: 116 daAuts

Table legend:
 A = Non-vault XP
 B = Vault XP
 C = Vault XP percentage of total XP
 D = Non-vault monster count
 E = Vault monster count
 F = Vault count percentage of total count
                 A         B        C        D         E       F
            +---------+---------+-------+---------+---------+-------
      Total |     168 |       1 |   0.6 |      40 |       1 |   2.4
            +---------+---------+-------+---------+---------+-------
        D:1 |      42 |       1 |   2.3 |      23 |       1 |   4.2
        D:2 |      87 |       0 |   0.0 |      12 |       0 |   0.0
        D:3 |      39 |       0 |   0.0 |       5 |       0 |   0.0
            +---------+---------+-------+---------+---------+-------
